 Dungeon Crawl Stone Soup version 0.25.1-9-gc5326a611f (webtiles) character file.

Game seed: 8533374600080262901

57365 pokeman the Eclecticist (level 14, -11/82 HPs)
             Began as a Deep Elf Wizard on Dec 22, 2020.
             Was a High Priest of Vehumet.
             Mangled by a polar bear (21 damage)
             ... in an ice cave.
             The game lasted 01:18:54 (24439 turns).

pokeman the Eclecticist (Deep Elf Wizard)          Turns: 24439, Time: 01:18:54

Health: -11/82     AC: 14    Str:  4    XL:     14   Next: 45%
Magic:  6/39       EV: 12    Int: 29    God:    Vehumet [*****.]
Gold:   1152       SH: 10    Dex: 13    Spells: 35/52 levels left

rFire    . . .     SeeInvis .   t - +3 dagger (venom)
rCold    + + .     Gourm    .   O - +0 buckler
rNeg     + . .     Faith    .   E - +0 acid dragon scales
rPois    .         Spirit   .   f - +0 helmet
rElec    .         Reflect  +   R - +1 cloak {Stlth+}
rCorr    +         Harm     .   r - +0 pair of gloves
MR       +....                  n - +1 pair of boots
Stlth    ++........             V - amulet of reflection
HPRegen  0.23/turn              D - ring of the Empire {Wiz *Contam rC+ rN+}
MPRegen  0.26/turn              W - ring of protection from cold

@: studying Fighting
A: no striking features
a: Renounce Religion


You were in an ice cave.
You worshipped Vehumet.
Vehumet was extremely pleased with you.
You were not hungry.

You visited 2 branches of the dungeon, and saw 16 of its levels.
You also visited: Sewer, Bailey and Ice Cave.

You collected 1197 gold pieces.
You spent 45 gold pieces at shops.

Inventory:

Hand Weapons
 t - a +3 dagger of venom (weapon)
 x - the +8 scythe "Qofaso Foxe" {elec, Int+2}
   (You took it off a big kobold on level 14 of the Dungeon)

   Occasionally, upon striking a foe, it will discharge some electrical energy
   and cause terrible harm.
   It affects your intelligence (+2).
 z - a +0 arbalest of flaming
 T - a +3 longbow of flaming
Missiles
 q - 370 arrows
Armour
 f - a +0 helmet (worn)
 n - a +1 pair of boots (worn)
 r - a +0 pair of gloves (worn)
 E - +0 acid dragon scales (worn)
 O - a +0 buckler (worn)
 R - a +1 cloak of stealth (worn)
Magical Staves
 a - an uncursed staff of air {unknown}
Jewellery
 k - an uncursed ring of flight
 w - an uncursed ring of magical power
 C - an uncursed amulet of magic regeneration
 D - the ring of the Empire (left hand) {Wiz *Contam rC+ rN+}
   (You found it on level 5 of the Dungeon)

   [ring of wizardry]

   It improves your spell success rate.
   It protects you from cold.
   It protects you from negative energy.
   It causes magical contamination when unequipped.
 P - an uncursed ring of ice
 U - an uncursed ring of protection from fire
 V - an amulet of reflection (around neck)
 W - a ring of protection from cold (right hand)
Wands
 g - a wand of clouds (6)
 i - a wand of iceblast (5)
 y - a wand of disintegration (10)
 I - a wand of digging (6)
 Q - a wand of acid (3)
Scrolls
 b - a scroll of enchant armour
 c - 2 scrolls of fear
 e - 7 scrolls of remove curse
 h - a scroll of acquirement {unknown}
 j - 6 scrolls of blinking
 m - a scroll of holy word {unknown}
 o - 7 scrolls of teleportation
 p - a scroll of enchant weapon
 v - a scroll of fog
 B - a scroll of summoning {unknown}
 J - 5 scrolls of identify
 K - 2 scrolls of magic mapping
Potions
 l - 3 potions of curing
 s - 4 potions of haste
 u - a potion of might
 G - a potion of berserk rage {unknown}
Books
 H - a manual of Fighting
Miscellaneous
 F - a phial of floods
Comestibles
 d - 22 rations
 A - 5 chunks of flesh


   Skills:
 - Level 7.0 Fighting
 + Level 6.3 Armour
 - Level 4.1 Dodging
 - Level 3.0 Stealth
 - Level 4.0 Shields
 * Level 19.8 Spellcasting
 + Level 12.5 Conjurations
 - Level 1.1 Summonings
 - Level 1.1 Translocations
 + Level 11.8 Fire Magic
 - Level 2.1 Air Magic
 - Level 1.2 Poison Magic
 - Level 2.0 Evocations


You had 35 spell levels left.
You knew the following spells:

 Your Spells              Type           Power        Failure   Level  Hunger
a - Magic Dart            Conj           ####         0%          1    None
b - Mephitic Cloud        Conj/Pois/Air  ######..     1%          3    None
c - Call Imp              Summ           #####...     1%          2    None
d - Blink                 Tloc           N/A          1%          2    None
e - Conjure Flame         Conj/Fire      #######.     1%          3    None
f - Foxfire               Conj/Fire      ####         0%          1    None
g - Fireball              Conj/Fire      #######...   1%          5    None

Your spell library contained the following spells:

 Spells                   Type           Power        Failure   Level  Hunger
 Spellforged Servitor     Conj/Summ      ######....   16%         7    ####...
 Freeze                   Ice            ####         1%          1    None
 Slow                     Hex            ####....     1%          2    None
 Frozen Ramparts          Ice            ####..       1%          3    None
 Hailstorm                Conj/Ice       ######..     1%          4    None
 Gell's Gravitas          Tloc           #####.....   2%          3    None
 Confusing Touch          Hex            ####....     3%          3    None
 Ozocubu's Armour         Chrm/Ice       ####....     3%          3    None
 Summon Ice Beast         Ice/Summ       ####....     10%         4    None
 Yara's Violent Unravell  Hex/Tmut       ####......   10%         5    None
 Petrify                  Tmut/Erth      ####....     12%         4    None
 Metabolic Englaciation   Hex/Ice        ####......   32%         5    None


Dungeon Overview and Level Annotations

Branches:
Dungeon (15/15)            Temple (1/1) D:7            Lair (0/6) D:8
    Orc (0/2) D:9          Vaults (0/5) D:14         Depths (0/5) D:15
  Sewer (visited)          Bailey (visited)           IceCv (1/1)

Altars:
Cheibriados
Dithmenos
Elyvilon
Fedhas
Gozag
Hepliaklqana
Kikubaaqudgha
Makhleb
Nemelex Xobeh
Okawaru
Qazlal
Ru
Sif Muna
Trog
Vehumet
Wu Jian
Xom
Yredelemnul
Zin
The Shining One

Shops:
D:6 *   D:7 }   D:12 *


Message History

Vehumet accepts your kill.
You feel your power returning.
The polar bear bites itself.
The polar bear barely misses itself.
The polar bear claws itself but does no damage.
You block the polar bear's attack.
The polar bear claws you but does no damage.
The polar bear closely misses you.
You block the polar bear's attack. x2; The polar bear closely misses you.
The polar bear barely misses you. The polar bear misses you.
The polar bear claws you but does no damage.
The polar bear bites you!
* * * LOW HITPOINT WARNING * * *
The polar bear claws you but does no damage.
The polar bear misses you.
Unknown command.
The polar bear bites you!
* * * LOW HITPOINT WARNING * * *
The polar bear barely misses you. You block the polar bear's attack.
You feel better. The polar bear bites you!!
You die...

####### #######
†h.#..# ##≈≈≈≈≈≈≈
##..# #######≈≈≈#
#.h#####.≈≈#≈≈§###
##÷.##..≈#≈≈≈≈##
###..h##≈≈≈#≈h####
#####≈≈≈####≈≈.##
#≈≈#≈≈≈≈ ###h.#
######
≈≈≈≈≈≈≈≈≈###@.##
###....###
≈≈≈≈≈≈≈####..##
###...##...#
≈#≈#≈≈## ###..#
##...####.#..
≈≈≈≈# ##...##
#..÷####.###.
#..###
###...###.###
##...# ###..####..
##..### ##....#
### #.....###
##....## #
#.####..####...###


You could see a polar bear (berserk).

Vanquished Creatures
  Rupert (D:14)
  A frost giant (IceCv)
  An orc warlord (D:14)
  Nessos (D:12)
  A deep elf annihilator (D:14)
  Snorg (D:14)
  Harold (D:14)
  A vault guard (D:14)
  Erolcha (D:10)
  A death knight (D:14)
  Erica (D:9)
  3 centaur warriors
  8 two-headed ogres
  2 tengu warriors (D:14)
  Urug (D:13)
  3 death yaks (IceCv)
  A deep troll earth mage (D:14)
  2 deep elf knights (D:14)
  A flayed ghost (D:9)
  2 unseen horrors
  A wizard (D:14)
  A deep elf archer (D:14)
  4 orc knights
  3 cyclopes
  5 deep elf magi
  A manticore (D:14)
  Maurice (D:9)
  3 centaur zombies
  Maggie (D:6)
  2 gargoyles
  A freezing wraith (D:14)
  2 yaktaurs (D:15)
  A kobold demonologist (D:13)
  2 ice devils (D:15)
  12 polar bears (IceCv)
  3 meliai (D:14)
  4 trolls
  Prince Ribbit (D:6)
  7 hippogriffs
  3 slime creatures (D:9)
  2 wyverns (D:8)
  A vampire (D:9)
  3 shadows
  A wraith (D:12)
  10 humans (D:14)
  23 yaks
  A hungry ghost (D:11)
  2 steam dragons
  An acid dragon (D:11)
  A soldier ant (D:10)
  A swamp drake (D:9)
  Purgy (Sewer)
  19 orc warriors
  2 sky beasts
  A black bear (D:10)
  7 ice beasts
  A necrophage (D:11)
  8 ogres
  4 phantoms
  14 wolves (IceCv)
  8 centaurs
  A crocodile (D:10)
  4 big kobolds
  13 bullfrogs
  2 wyvern zombies
  3 wyvern skeletons
  A water moccasin zombie (D:5)
  7 scorpions
  9 killer bees
  12 wights
  6 howler monkeys
  7 crimson imps
  2 bullfrog zombies
  5 jellies
  15 orc wizards
  2 bullfrog skeletons
  4 centaur skeletons
  12 orc priests
  3 hounds
  Crazy Yiuf (D:7)
  Jessica (D:3)
  6 iguanas
  13 worker ants
  A killer bee zombie (D:8)
  A hound zombie (D:5)
  10 gnolls
  16 adders
  3 shadow imps
  An ooze (D:5)
  2 adder zombies
  An adder skeleton (D:7)
  5 worms
  3 dart slugs
  4 leopard geckos
  81 orcs
  5 bats
  14 giant cockroaches
  14 goblins
  9 hobgoblins
  3 jackals (D:4)
  6 quokkas
  4 ball pythons
  10 frilled lizards
  A jackal zombie (D:7)
  28 kobolds
  A leopard gecko zombie (D:6)
  2 quokka skeletons
  A quokka zombie (D:7)
  14 rats
572 creatures vanquished.

Vanquished Creatures (collateral kills)
  A yak (IceCv)
  2 orc warriors (Bailey)
  A bullfrog (D:7)
  2 wights (D:7)
  A killer bee (D:8)
  A jelly (D:5)
  A centaur skeleton (D:9)
  An orc (Bailey)
  A kobold (D:11)
11 creatures vanquished.

Vanquished Creatures (others)
  A human (D:14)
  469 foxfires
470 creatures vanquished.

Grand Total: 1053 creatures vanquished

Notes
Turn   | Place    | Note
-------+----------+-------------------------------------------
     0 | D:1      | pokeman the Deep Elf Wizard began the quest for the Orb.
     0 | D:1      | Reached XP level 1. HP: 10/10 MP: 7/7
   292 | D:1      | Reached XP level 2. HP: 15/15 MP: 7/9
  1009 | D:1      | Reached skill level 5 in Spellcasting
  1364 | D:1      | Reached XP level 3. HP: 20/20 MP: 8/11
  1369 | D:1      | Learned a level 3 spell: Mephitic Cloud
  1372 | D:1      | Learned a level 2 spell: Call Imp
  1375 | D:1      | Learned a level 2 spell: Blink
  1379 | D:1      | Learned a level 3 spell: Conjure Flame
  1733 | D:2      | Reached skill level 1 in Armour
  1738 | D:2      | Reached skill level 1 in Fighting
  1753 | D:2      | Reached XP level 4. HP: 20/25 MP: 1/13
  2088 | D:2      | Found a shimmering blue altar of Sif Muna.
  2640 | D:2      | Reached skill level 1 in Fire Magic
  2666 | D:2      | Reached skill level 6 in Spellcasting
  2834 | D:3      | Reached XP level 5. HP: 29/29 MP: 10/15
  3682 | D:3      | Noticed Jessica
  3686 | D:3      | Killed Jessica
  3786 | D:3      | Reached skill level 1 in Air Magic
  4001 | D:4      | Noticed an ogre
  4009 | D:4      | Killed an ogre
  4009 | D:4      | Reached XP level 6. HP: 34/34 MP: 12/17
  4048 | D:4      | Reached skill level 7 in Spellcasting
  4228 | D:4      | Found a glowing drain.
  4232 | Sewer    | Entered a sewer
  4377 | Sewer    | Noticed Purgy
  4407 | Sewer    | Killed Purgy
  4825 | D:4      | Reached XP level 7. HP: 20/38 MP: 20/20
  4930 | D:4      | Reached skill level 8 in Spellcasting
  4930 | D:4      | Reached skill level 1 in Poison Magic
  5011 | D:4      | Found an iron altar of Okawaru.
  5590 | D:4      | Found a bloodstained altar of Trog.
  5702 | D:5      | Entered Level 5 of the Dungeon
  5772 | D:5      | Reached skill level 1 in Evocations
  5874 | D:5      | Found a large runed translucent door.
  5874 | D:5      | Found a large runed translucent door.
  6092 | D:5      | Found a large runed translucent door.
  6093 | D:5      | Found a large runed translucent door.
  6330 | D:5      | Reached skill level 9 in Spellcasting
  6330 | D:5      | Reached XP level 8. HP: 44/44 MP: 17/23
  6399 | D:5      | Got an ancient lead ring
  6625 | D:5      | Found a shadowy altar of Dithmenos.
  7038 | D:5      | Noticed a cyclops
  7054 | D:5      | Killed a cyclops
  7054 | D:5      | Reached skill level 10 in Spellcasting
  7054 | D:5      | Reached skill level 5 in Conjurations
  7301 | D:5      | Got a vibrating golden amulet
  7398 | D:6      | Reached XP level 9. HP: 31/48 MP: 10/25
  7682 | D:6      | Found a blossoming altar of Fedhas.
  7907 | D:6      | Noticed Maggie
  7931 | D:6      | Killed Maggie
  7931 | D:6      | Reached skill level 11 in Spellcasting
  8318 | D:6      | Noticed Prince Ribbit
  8335 | D:6      | Killed Prince Ribbit
  8619 | D:6      | Found Usitigomm's Assorted Antiques.
  8895 | D:6      | Identified the ring of the Empire {Wiz *Contam rC+ rN+}
                  | (You found it on level 5 of the Dungeon)
  8897 | D:6      | Identified the amulet "Ewniedof" {Spirit rF+ rN+ MP+9
                  | Int-4} (You found it on level 5 of the Dungeon)
  9009 | D:7      | Found Qourphiuf's Gadget Boutique.
  9028 | D:7      | Noticed a two-headed ogre
  9030 | D:7      | Found a flagged portal.
  9039 | Bailey   | Entered a bailey
  9465 | Bailey   | Reached skill level 12 in Spellcasting
  9508 | Bailey   | Reached skill level 5 in Fire Magic
  9793 | Bailey   | Identified the +6 executioner's axe of Parts Unknown
                  | {protect, rF+ rC- Int+2 Dex+8}
  9793 | Bailey   | Noticed an orc knight
  9883 | Bailey   | Killed an orc knight
  9883 | Bailey   | Reached XP level 10. HP: 24/56 MP: 23/28
 10871 | D:7      | Found a staircase to the Ecumenical Temple.
 10880 | Temple   | Entered the Ecumenical Temple
 10934 | Temple   | Became a worshipper of Vehumet
 10980 | D:7      | HP: 1/56 [two-headed ogre/cursed -1 giant club (20)]
 10987 | D:7      | Killed a two-headed ogre
 10987 | D:7      | Reached skill level 13 in Spellcasting
 11294 | D:7      | Found a runed translucent door.
 11295 | D:7      | Noticed Crazy Yiuf
 11308 | D:7      | Killed Crazy Yiuf
 11895 | D:7      | Found a sparkling altar of Nemelex Xobeh.
 12000 | D:7      | Reached * piety under Vehumet
 12000 | D:7      | Offered knowledge of Foxfire by Vehumet.
 12003 | D:7      | Learned a level 1 spell: Foxfire
 12145 | D:8      | Reached skill level 5 in Fighting
 12244 | D:8      | Found a staircase to the Lair.
 12405 | D:8      | Found a stormy altar of Qazlal.
 12867 | D:8      | Found a sacrificial altar of Ru.
 12920 | D:8      | Reached skill level 14 in Spellcasting
 12977 | D:9      | Found an opulent altar of Gozag.
 13008 | D:9      | Found an ancient bone altar of Kikubaaqudgha.
 13037 | D:9      | Found a basalt altar of Yredelemnul.
 13037 | D:9      | Found a transporter.
 13039 | D:9      | Noticed a flayed ghost
 13141 | D:9      | Found a transporter.
 13149 | D:9      | Reached ** piety under Vehumet
 13150 | D:9      | Offered knowledge of Sandblast by Vehumet.
 13216 | D:9      | Reached XP level 11. HP: 45/64 MP: 31/31
 13469 | D:9      | Noticed Maurice
 13483 | D:9      | Killed Maurice
 13669 | D:9      | Noticed Erica
 13686 | D:9      | Killed Erica
 13689 | D:9      | Offered knowledge of Searing Ray by Vehumet.
 13705 | D:9      | HP: 3/64 [poisoned by Erica (bolt of poison)]
 13710 | D:9      | HP: 2/64 [poisoned by Erica (bolt of poison)]
 13717 | D:9      | HP: 1/64 [poisoned by Erica (bolt of poison)]
 13725 | D:9      | HP: 1/64 [poisoned by Erica (bolt of poison)]
 14053 | D:9      | Found a staircase to the Orcish Mines.
 14242 | D:9      | Reached *** piety under Vehumet
 14400 | D:9      | Found a snail-covered altar of Cheibriados.
 15165 | D:10     | Entered Level 10 of the Dungeon
 15313 | D:10     | Got a fading flail
 15314 | D:10     | Identified the cursed +0 flail of the Swamp {venom, Str+4}
                  | (You found it on level 10 of the Dungeon)
 15377 | D:10     | Noticed Erolcha
 15402 | D:10     | Killed Erolcha
 15533 | D:10     | Killed an unseen horror
 15533 | D:10     | Reached skill level 15 in Spellcasting
 15533 | D:10     | Offered knowledge of Sticky Flame by Vehumet.
 16522 | D:11     | Noticed a two-headed ogre
 16536 | D:11     | Killed a two-headed ogre
 16536 | D:11     | Reached skill level 1 in Shields
 16656 | D:11     | Reached **** piety under Vehumet
 16876 | D:11     | Offered knowledge of Fireball by Vehumet.
 16883 | D:11     | Learned a level 5 spell: Fireball
 17070 | D:11     | Noticed a two-headed ogre
 17073 | D:11     | Killed a two-headed ogre
 17406 | D:11     | Killed an unseen horror
 17406 | D:11     | Reached XP level 12. HP: 68/72 MP: 24/33
 18006 | D:12     | Reached skill level 16 in Spellcasting
 18095 | D:12     | Noticed Nessos
 18102 | D:12     | Killed Nessos
 18102 | D:12     | Reached skill level 10 in Conjurations
 18483 | D:12     | Reached ***** piety under Vehumet
 18509 | D:12     | Offered knowledge of Iskenderun's Mystic Blast by Vehumet.
 18947 | D:12     | Found Biaj's General Store.
 18951 | D:12     | Bought a scroll of fear for 45 gold pieces
 18979 | D:12     | Noticed a two-headed ogre
 18982 | D:12     | Killed a two-headed ogre
 19307 | D:13     | Noticed Urug
 19627 | D:13     | Reached skill level 17 in Spellcasting
 19770 | D:13     | Noticed a two-headed ogre
 19773 | D:13     | Killed a two-headed ogre
 19778 | D:13     | Noticed a two-headed ogre
 19780 | D:13     | Killed a two-headed ogre
 20079 | D:13     | Killed Urug
 20322 | D:13     | Noticed a centaur warrior
 20325 | D:13     | Killed a centaur warrior
 20325 | D:13     | Reached skill level 10 in Fire Magic
 20328 | D:13     | Reached XP level 13. HP: 76/76 MP: 19/36
 20946 | D:14     | Offered knowledge of Lee's Rapid Deconstruction by Vehumet.
 21163 | D:14     | Noticed Harold
 21171 | D:14     | Reached skill level 18 in Spellcasting
 21172 | D:14     | Killed Harold
 21642 | D:14     | Noticed Snorg
 21652 | D:14     | Killed Snorg
 21655 | D:14     | Noticed Rupert
 21690 | D:14     | Identified the +8 scythe "Qofaso Foxe" {elec, Int+2}
 21890 | D:14     | Killed Rupert
 21890 | D:14     | Reached skill level 5 in Armour
 22307 | D:14     | Found a gate to the Vaults.
 22353 | D:14     | Noticed a deep elf annihilator
 22355 | D:14     | Killed a deep elf annihilator
 22425 | D:14     | Noticed an orc warlord
 22456 | D:14     | Killed an orc warlord
 22456 | D:14     | Reached skill level 19 in Spellcasting
 22692 | D:14     | Reached XP level 14. HP: 59/82 MP: 35/39
 23283 | D:15     | Entered Level 15 of the Dungeon
 23412 | D:15     | Found a frozen archway.
 23428 | IceCv    | Entered an ice cave
 23440 | IceCv    | Offered knowledge of Spellforged Servitor by Vehumet.
 24368 | IceCv    | Noticed a frost giant
 24394 | IceCv    | Killed a frost giant
 24437 | IceCv    | HP: 3/82 [polar bear (14)]
 24439 | IceCv    | Mangled by a polar bear

Illustrated notes

Levels and vault maps discovered:
D:1:      mrwooster_arrival_statue, layout_basic, minmay_octomino_j4
D:2:      layout_basic, marbit_many_paths, minmay_worlds_worst_comb
D:3:      layout_loops_corners, uniq_jessica
D:4:      layout_basic, okawaru_metal_pillars_1_2,
          nicolae_overflow_crystal_walls, gup_sewer_entry_spiral
D:5:      layout_basic, grunt_dithmenos_shadows, first_ration,
          minmay_hollow_rounded_squares
D:6:      layout_cave_pods, overflow_temple_1_default, serial_shops, shop,
          uniq_maggie, uniq_prince_ribbit1
D:7:      layout_gridville, nemelex_xobeh_ov_fountains_minmay,
          minmay_temple_entry_junction_2, enter_bailey_2, serial_shops, shop,
          uniq_crazy_yiuf_cottage
D:8:      layout_cave_pools, nicolae_qazlal_general_emergency,
          nicolae_ru_path_of_blood, grunt_ogre_cave, kennysheep_generic_room_7
D:9:      layout_roguey, gammafunk_temple_of_torment,
          nicolae_gozag_seed_capital, nicolae_overflow_hidden_temple,
          erik_orc_1, uniq_erica, uniq_maurice
D:10:     layout_basic, uniq_erolcha
D:11:     layout_roguey
D:12:     layout_roguey, serial_shops, shop, uniq_nessos
D:13:     layout_cave_pools, drop_trap, uniq_urug
D:14:     minmay_glassy_protrusions, layout_cave_pods,
          ximxim_vaults_locker_room, chequers_serial_rivers_room_a,
          minmay_misc_feat_five, sword_in_stone, uniq_rupert, uniq_snorg
D:15:     grunt_enter_depths_magical_seal, layout_basic,
          portal_ice_cave_demonic_guard, minmay_strange_pillars,
          nrook_mini_backslash, minmay_guarded_unrand_skullcrusher
Temple:   compressed_dpeg_circular_temple
IceCv:    ice_cave_caverns_03

Skill      XL: |  1  2  3  4  5  6  7  8  9 10 11 12 13 14 |
---------------+-------------------------------------------+-----
Spellcasting   | 5 6 7 9 10 12 14 15 17 19 | 19.8
Armour         | 1 2 3 5 6 |  6.3
Fighting       | 1 2 3 5 7 |  7.0
Conjurations   | 2 3 4 5 7 8 9 10 12 | 12.5
Fire Magic     | 1 3 5 6 8 10 11 | 11.8
Dodging        | 3 4 |  4.1
Air Magic      | 1 2 |  2.1
Stealth        | 3 |  3.0
Poison Magic   | 1 |  1.2
Evocations     | 2 |  2.0
Shields        | 2 4 |  4.0
Summonings     | |  1.1
Translocations | |  1.1

Action                   |  1- 3 |  4- 6 |  7- 9 | 10-12 | 13-15 || total
-------------------------+-------+-------+-------+-------+-------++-------
Melee: Short sword       |     6 |    30 |       |       |       ||    36
       Dagger            |       |    52 |    74 |   120 |    94 ||   340
       Flail             |       |       |       |    70 |       ||    70
 Fire: Arbalest          |       |       |     7 |       |       ||     7
 Cast: Magic Dart        |    87 |   136 |   267 |   187 |     9 ||   686
       Mephitic Cloud    |     1 |    10 |    23 |    45 |     9 ||    88
       Call Imp          |       |     3 |    13 |    30 |     5 ||    51
       Conjure Flame     |       |     1 |    11 |    46 |     6 ||    64
       Blink             |       |       |     4 |    10 |     1 ||    15
       Foxfire           |       |       |       |   245 |    13 ||   258
       Fireball          |       |       |       |    98 |   170 ||   268
 Abil: Evoke Flight      |       |       |     1 |     2 |     1 ||     4
Evoke: Wand              |       |       |       |     1 |     2 ||     3
  Use: Scroll            |       |     7 |    11 |     3 |     1 ||    22
       Potion            |       |       |       |       |     1 ||     1
 Stab: Sleeping          |       |     2 |       |       |       ||     2
       Confused          |       |    14 |     4 |    14 |     1 ||    33
       Distracted        |       |       |       |     1 |       ||     1
  Eat: Chunk             |     2 |    10 |    12 |    28 |    14 ||    66
       Ration            |       |       |     1 |     1 |       ||     2
Armor: Robe              |     2 |     4 |       |       |       ||     6
       Skin              |       |     1 |       |       |       ||     1
       Leather armour    |       |    23 |       |       |       ||    23
       Troll leather arm |       |       |    36 |       |       ||    36
       Acid dragon scale |       |       |    16 |   122 |    53 ||   191
Dodge: Dodged            |    10 |    72 |    82 |   175 |    75 ||   414
Block: Other             |       |       |       |    33 |       ||    33
       Reflection        |       |       |       |     4 |    18 ||    22
       Buckler           |       |       |       |    29 |    96 ||   125
